 Dungeon Crawl Stone Soup version 0.25-a0-290-g4a1327ee3a (webtiles) character file.

Game seed: 570515041558476901, levelgen mode: deterministic

3672 Gargoyl the Agent of Entropy (level 9, -11/73 HPs)
             Began as a Centaur Abyssal Knight on Dec 14, 2019.
             Was a Priest of Lugonu.
             Blown up by Maurice (33 damage)
             ... with a disintegration bolt
             ... on level 8 of the Dungeon.
             The game lasted 00:12:11 (8044 turns).

Gargoyl the Agent of Entropy (CeAK)                 Turns: 8044, Time: 00:12:11

Health: -11/73     AC: 13    Str: 16      XL:     9   Next: 89%
Magic:  13/13      EV:  6    Int: 11      God:    Lugonu [***...]
Gold:   370        SH: 16    Dex: 12 (13) Spells: 8/8 levels left

rFire    + . .     SeeInvis .   a - +2 hand axe
rCold    . . .     Gourm    .   d - +2 large shield {rF+}
rNeg     + . .     Faith    .   i - +3 ring mail
rPois    .         Spirit   .   (no helmet)
rElec    .         Reflect  .   (no cloak)
rCorr    .         Harm     .   o - +0 pair of gloves
MR       .....     Rnd*Tele +   (no barding)
Stlth    ..........             l - amulet of magic regeneration
HPRegen  0.22/turn              b - +3 ring of protection
MPRegen  0.38/turn              j - ring of positive energy

@: very quick
A: large, hooves 3, agile 1, blink, deformed body, speed 2, teleportitis 1,
tough skin 3, evolution 1
a: Blink, Depart the Abyss, Bend Space, Banish, Renounce Religion


You were on level 8 of the Dungeon.
You worshipped Lugonu.
Lugonu was most pleased with you.
You were not hungry.

You visited 1 branch of the dungeon, and saw 8 of its levels.
You visited the Abyss 1 time.

You collected 370 gold pieces.

Inventory:

Hand Weapons
 a - a +2 hand axe (weapon)
Missiles
 m - 13 boomerangs (quivered)
Armour
 d - a +2 large shield of fire resistance (worn)
 i - a +3 ring mail (worn)
 o - a +0 pair of gloves (worn)
Jewellery
 b - a +3 ring of protection (left hand)
 j - a ring of positive energy (right hand)
 l - an amulet of magic regeneration (around neck)
Scrolls
 n - a scroll of fog
 s - a scroll of remove curse
Potions
 h - 2 potions of brilliance
 t - a potion of flight
Comestibles
 c - 13 rations


   Skills:
 + Level 4.8 Fighting
 + Level 6.0 Axes
 + Level 1.6 Throwing
 * Level 4.9 Armour
 + Level 2.7 Dodging
 * Level 5.9 Shields
 * Level 6.2 Invocations


You had 8 spell levels left.
You didn't know any spells.
Your spell library was empty.

Dungeon Overview and Level Annotations

Branches:
Dungeon (8/15)             Temple (0/1) D:5
   Lair: D:8-11

Altars:
Ashenzari
Fedhas
Hepliaklqana
Kikubaaqudgha
Qazlal
Trog
Xom

Shops:
D:6 }

Annotations:
D:8 Maurice


Innate Abilities, Weirdness & Mutations

You have hooves in place of feet.
Armour fits poorly on your strangely shaped body.
You cover ground very quickly.
You have extremely tough skin. (AC +3)
You are agile. (Dex +2)
You can translocate small distances at will.
You are occasionally teleported next to monsters.
You evolve.


Message History

* * * LOW HITPOINT WARNING * * *
Something hits you but does no damage. You block the hippogriff's attack.
The hippogriff pecks you but does no damage.
The hippogriff claws you but does no damage.
You slash the hippogriff! Your kick misses the hippogriff.
The hippogriff is heavily wounded.
You closely miss something.
You hear a zap.
Something tries to affect you, but you resist.
The hippogriff bites you but does no damage.
You block the hippogriff's attack. x2
Okay, then.
You hear a zap.
Something tries to affect you, but you resist.
You hear a zap.
Something tries to affect you, but you resist.
The phantom blinks!
You hear a zap.
You are blasted!
You die...

#.. ####'########.. #.# .
#..#.#<.....(.. ###'##
#####. #.#..#.########..
##....####....####.....#
#..(
#......##......##......##
#...
....#.......#.......#...#
#... ..####....#
#....####.o# #...
..####....####....####..##
#...
...#...H...#....@..#.....#
###.
#......##......##......#.#
###.
##....####....####....##...
..... ###### ###### #.####
.#######. #.# .# #.
#.#####.# #. #.......# #.
#.#####.# #. #.# #.# #.


There were no monsters in sight!

Vanquished Creatures
  Psyche (D:8)
  Grinder (D:5)
  Prince Ribbit (D:7)
  A hippogriff (D:7)
  Sigmund (D:2)
  A hungry ghost (D:8)
  Duvessa (D:5)
  A water moccasin (D:7)
  3 ice beasts
  A sky beast (D:6)
  A necrophage (D:4)
  2 centaurs
  2 ogres
  Blork the orc (D:5)
  2 bullfrogs
  Dowan (D:5)
  6 killer bees (D:8)
  4 wights (D:8)
  A quasit (D:8)
  A hound (D:5)
  5 orc priests
  7 orc wizards
  2 bullfrog skeletons
  2 centaur skeletons
  Ijyb (D:4)
  3 worker ants
  3 gnolls (D:8)
  6 adders
  2 shadow imps
  4 oozes
  An adder skeleton (D:4)
  A worm (D:4)
  2 dart slugs
  A leopard gecko (D:1)
  19 orcs
  3 giant cockroaches
  3 goblins (D:1)
  3 hobgoblins
  6 jackals
  5 quokkas
  3 bats
  5 frilled lizards
  2 kobolds (D:2)
  A leopard gecko skeleton (D:4)
  9 rats
132 creatures vanquished.

Vanquished Creatures (others)
  An orc warrior (D:8)
1 creature vanquished.

Grand Total: 133 creatures vanquished

Notes
Turn   | Place    | Note
-------+----------+-------------------------------------------
     0 | Abyss:1  | Gargoyl the Centaur Abyssal Knight began the quest for the
                  | Orb.
     0 | Abyss:1  | Reached XP level 1. HP: 19/19 MP: 2/2
     7 | Abyss:1  | Found a corrupted altar of Lugonu.
    45 | Abyss:1  | Noticed a large abomination
    63 | Abyss:1  | Noticed a starcursed mass
    70 | D:1      | Escaped the Abyss
   310 | D:1      | Reached XP level 2. HP: 26/26 MP: 3/3
   797 | D:1      | Reached * piety under Lugonu
  1288 | D:2      | Noticed Sigmund
  1306 | D:2      | Killed Sigmund
  1306 | D:2      | Reached skill level 1 in Shields
  1306 | D:2      | Reached XP level 3. HP: 29/33 MP: 3/5
  1306 | D:2      | Reached XP level 4. HP: 36/40 MP: 3/6
  1306 | D:2      | Reached XP level 5. HP: 41/46 MP: 3/7
  1360 | D:2      | Reached skill level 1 in Dodging
  1716 | D:3      | Found a blossoming altar of Fedhas.
  1768 | D:3      | Found a blossoming altar of Fedhas.
  2308 | D:4      | Reached XP level 6. HP: 47/52 MP: 8/8
  2365 | D:4      | Reached ** piety under Lugonu
  2874 | D:5      | Entered Level 5 of the Dungeon
  2874 | D:5      | Noticed Grinder
  2876 | D:5      | Paralysed by Grinder for 2 turns
  2897 | D:5      | Killed Grinder
  2897 | D:5      | Reached XP level 7. HP: 41/59 MP: 9/9
  3630 | D:5      | Noticed Dowan
  3631 | D:5      | Noticed Duvessa
  3631 | D:5      | Gained mutation: You evolve. [potion of mutation]
  3631 | D:5      | Gained mutation: You can translocate small distances at
                  | will. [potion of mutation]
  3632 | D:5      | Noticed Ijyb
  3833 | D:5      | Noticed Blork the orc
  3849 | D:5      | Killed Blork the orc
  4125 | D:5      | Paralysed by Ijyb for 6 turns
  4245 | D:5      | Killed Duvessa
  4245 | D:5      | Reached skill level 1 in Throwing
  4245 | D:5      | Reached XP level 8. HP: 63/66 MP: 11/11
  4245 | D:5      | Paralysed by Ijyb for 2 turns
  4252 | D:4      | Killed Ijyb
  4313 | D:5      | Killed Dowan
  4817 | D:5      | Gained mutation: You are occasionally teleported next to
                  | monsters. [evolution]
  4824 | D:5      | Found a staircase to the Ecumenical Temple.
  5119 | D:6      | Found a stormy altar of Qazlal.
  5119 | D:6      | Found an ancient bone altar of Kikubaaqudgha.
  5120 | D:6      | Found a hazy altar of Hepliaklqana.
  5121 | D:6      | Found a shimmering altar of Xom.
  5470 | D:6      | Found Siotyom Neng's Gadget Shop.
  5698 | D:6      | Found a shattered altar of Ashenzari.
  5868 | D:7      | Noticed a hippogriff
  5879 | D:7      | Killed a hippogriff
  5895 | D:7      | Reached skill level 5 in Invocations
  6091 | D:7      | Reached skill level 5 in Axes
  6308 | D:7      | Reached XP level 9. HP: 62/72 MP: 12/12
  6362 | D:7      | Found a bloodstained altar of Trog.
  6363 | D:7      | Noticed Prince Ribbit
  6380 | D:7      | Killed Prince Ribbit
  6380 | D:7      | Reached *** piety under Lugonu
  6529 | D:7      | Gained mutation: You are agile. (Dex +2) [evolution]
  6822 | D:8      | Reached skill level 5 in Shields
  6824 | D:8      | Noticed Psyche
  6847 | D:8      | Killed Psyche
  8019 | D:8      | Noticed Maurice
  8044 | D:8      | Blown up by Maurice

Levels and vault maps discovered:
D:1:      arrival_zaba_pyramid, layout_basic, serial_glass, glass_columns_a,
          glass_columns_a
D:2:      layout_basic, first_ration, uniq_sigmund
D:3:      layout_loops_ring, old_standard_altar, fedhas_altar_1
D:4:      layout_basic
D:5:      layout_layer_cave, minmay_temple_entry_nine_rooms, uniq_grinder,
          uniq_duvessa, uniq_blork_the_orc, uniq_ijyb
D:6:      layout_loops_ring, chequers_temple_overflow_statue_of_worship,
          serial_shops, shop, cheibrodos_ashenzari_chains
D:7:      layout_loops_ring, bloody_trog, uniq_prince_ribbit1
D:8:      wad_guarded_room, layout_basic, uniq_psyche, uniq_maurice

Skill      XL: |  1  2  3  4  5  6  7  8  9 |
---------------+----------------------------+-----
Axes           | 2 3 4 5 6 |  6.0
Armour         | 2 3 4 |  4.9
Shields        | 1 2 3 4 5 |  5.9
Dodging        | 1 2 |  2.7
Invocations    | 3 4 5 6 |  6.2
Fighting       | 4 |  4.8
Throwing       | 1 |  1.6

Action                   |  1- 3 |  4- 6 |  7- 9 || total
-------------------------+-------+-------+-------++-------
Melee: Hand axe          |    49 |   133 |   439 ||   621
       Kick              |     9 |    29 |    91 ||   129
Throw: Boomerang         |       |       |    17 ||    17
Invok: Depart the Abyss  |     1 |       |       ||     1
       Banish            |       |       |     1 ||     1
  Use: Scroll            |     1 |     6 |     9 ||    16
       Potion            |       |     3 |    10 ||    13
  Eat: Chunk             |       |     4 |    14 ||    18
       Ration            |       |       |     1 ||     1
Armor: Leather armour    |    10 |       |       ||    10
       Ring mail         |     4 |    73 |   218 ||   295
       Skin              |       |       |    29 ||    29
Dodge: Dodged            |     6 |    16 |    67 ||    89
Block: Large shield      |    26 |    80 |   390 ||   496

Table legend:
 A = Non-vault XP
 B = Vault XP
 C = Vault XP percentage of total XP
 D = Non-vault monster count
 E = Vault monster count
 F = Vault count percentage of total count
                 A         B        C        D         E       F
            +---------+---------+-------+---------+---------+-------
      Total |    3679 |    1567 |  29.9 |     124 |       9 |   6.8
            +---------+---------+-------+---------+---------+-------
        D:1 |      38 |       0 |   0.0 |      16 |       0 |   0.0
        D:2 |      39 |     223 |  85.1 |       7 |       1 |  12.5
        D:3 |      14 |       0 |   0.0 |      11 |       0 |   0.0
        D:4 |     267 |      36 |  11.9 |      21 |       1 |   4.5
        D:5 |     435 |     600 |  58.0 |      15 |       4 |  21.1
        D:6 |     430 |       0 |   0.0 |      12 |       0 |   0.0
        D:7 |     889 |     264 |  22.9 |      10 |       1 |   9.1
        D:8 |    1567 |     444 |  22.1 |      32 |       2 |   5.9
            +---------+---------+-------+---------+---------+-------
